 Dungeon Crawl Stone Soup version 0.19-a0-459-gb8ed64d (webtiles) character file.

20 Duffy the Ruffian (level 2, -10/17 HPs)
             Began as a Gargoyle Transmuter on June 2, 2016.
             Mangled by Sigmund
             ... wielding a +0 scythe
              (11 damage)
             ... on level 2 of the Dungeon.
             The game lasted 00:01:12 (1322 turns).

Duffy the Ruffian (Gargoyle Transmuter)             Turns: 1322, Time: 00:01:13

Health: -10/17     AC:  7    Str: 13    XL:     2   Next: 79%
Magic:  5/5        EV: 11    Int: 13    God:
Gold:   41         SH:  0    Dex: 10    Spells: 1 memorised, 4 levels left

rFire  . . .     SeeInvis .       - Unarmed
rCold  . . .     Gourm    .     o - +1 leather armour {rN+}
rNeg   + + .     Faith    .     (no shield)
rPois  ∞         Spirit   .     (no helmet)
rElec  +         Dismiss  .     (no cloak)
rCorr  .         Reflect  .     (no gloves)
SustAt .         Harm     .     h - +0 pair of boots {Fly}
MR     +....                    (no amulet)
Stlth  +.........               (no ring)
                                l - ring of protection from magic

@: flying, somewhat resistant to hostile enchantments, very unstealthy
A: negative energy resistance 1, electricity resistance, unbreathing,
petrification resistance, rot immunity, AC +2
a: Stop Flying


You were on level 2 of the Dungeon.
You were not hungry.

You visited 1 branch of the dungeon, and saw 2 of its levels.

You collected 41 gold pieces.


Innate Abilities, Weirdness & Mutations

You are resistant to torment.
Your stone body is resilient. (AC +2)
You are immune to poison.
You resist negative energy. (rN+)
You are resistant to electric shocks. (rElec)
You can survive without breathing.
You are immune to petrification.
You are immune to rotting.


   Skills:
 + Level 2.1 Fighting
 - Level 1.5 Dodging
 + Level 3.5 Unarmed Combat
 - Level 2.0 Spellcasting
 - Level 1.5 Transmutations


You had 4 spell levels left.
You knew the following spells:

 Your Spells              Type           Power        Failure   Level  Hunger
a - Beastly Appendage     Tmut           #.....       17%         1    ##.....

Inventory:

Missiles
 a - 12 arrows
 k - 11 poisoned needles
Armour
 h - a +0 pair of boots of flying (worn)
 o - a +1 leather armour of positive energy (worn)
Jewellery
 l - a ring of protection from magic (left hand)
Scrolls
 g - 2 scrolls of enchant armour {unknown}
 j - a scroll of noise {unknown}
 m - a scroll of identify {unknown}
 n - a scroll of remove curse {unknown}
Books
 c - a book of Changes
Comestibles
 b - 2 chunks of flesh
 d - 3 bread rations
 f - 2 beef jerkies
 i - 6 fruits

Dungeon Overview and Level Annotations

Branches:
Dungeon (2/15)

Altars:

Annotations:
D:2 Sigmund


Message History

You are too injured to fight recklessly!
You are too injured to fight recklessly!
You are too injured to fight recklessly!
You are too injured to fight recklessly!
You are too injured to fight recklessly!
You are too injured to fight recklessly!
You are too injured to fight recklessly!
You are too injured to fight recklessly!
You are too injured to fight recklessly!
You are too injured to fight recklessly!
You are too injured to fight recklessly!
You are too injured to fight recklessly!
You are too injured to fight recklessly!
You are too injured to fight recklessly!
You are too injured to fight recklessly!
You are too injured to fight recklessly!
You are too injured to fight recklessly!
You are too injured to fight recklessly!
You are too injured to fight recklessly!
Okay, then.
It was a potion of curing.
You feel better. Sigmund misses you.
You closely miss Sigmund.
Sigmund is lightly wounded.
You barely miss Sigmund.
Sigmund is lightly wounded.
Sigmund hits you with a scythe!
You hit Sigmund.
Sigmund is moderately wounded.
You feel better. Sigmund hits you with a scythe!
Ouch! That really hurt!
You punch Sigmund!
Sigmund is heavily wounded.
Sigmund closely misses you.
You hit Sigmund.
Sigmund is severely wounded.
You hit Sigmund.
Sigmund is severely wounded.
Sigmund casts a spell.
Sigmund flickers and vanishes!
Deactivating autopickup; reactivate with Ctrl-A.
You closely miss something.
You hear some strange, mumbled words.
A puff of flame appears from out of thin air!
The puff of flame misses you.
You aren't carrying any potions.
You hit something. Something hits you.
You miss something. You barely miss something. Something hits you!
Ouch! That really hurt!
You die...

#...#.#.#.# #.[.#
.####.###.#.#.# #.###
......###.#.#.# #..#
............#.#####.#
.#####..............#
#.....>.###....##
#.......# #.#...#
#.......#
#.#########..
#.......#
#@####.......
#.......#
#.{..'.......
#.......#
######.......
#.......# .......
....... .......
....... .......
.......


There were no monsters in sight!

Action                   || total
-------------------------++-------
Melee: Unarmed           ||   109
       Punch             ||     1
  Use: Potion            ||     2
 Stab: Sleeping          ||     1
  Eat: Chunk             ||     1
Armor: Robe              ||    22
       Leather armour    ||     3
Dodge: Dodged            ||    65

Notes
Turn   | Place    | Note
--------------------------------------------------------------
     0 | D:1      | Duffy the Gargoyle Transmuter began the quest for the Orb.
     0 | D:1      | Reached XP level 1. HP: 12/12 MP: 3/3
   235 | D:1      | Reached XP level 2. HP: 16/16 MP: 5/5
   851 | D:1      | Reached skill level 2 in Fighting
  1292 | D:2      | Noticed Sigmund
  1322 | D:2      | Mangled by Sigmund

Skill      XL: |  1  2 |
---------------+-------+-----
Fighting       | 2 |  2.1
Dodging        | |  1.5
Unarmed Combat | |  3.5
Spellcasting   | |  2.0
Transmutations | |  1.5

Vault maps used:
D:1:      dpeg_arrival_boxorama, serial_curves, eino_curves_01, eino_curves_02
D:2:      nicolae_ru_path_of_blood, uniq_sigmund

Vanquished Creatures
  A dart slug
  2 ball pythons
  4 giant cockroaches
  A hobgoblin
  2 bats
  A giant newt
  A goblin
  3 kobolds
  4 rats
19 creatures vanquished.
